 Dungeon Sprint DCSS version 0.17-a0-1447-g3d113ad (webtiles) character file.

535560 pulse the Axe Maniac (level 22, 199/212 HPs)
             Began as a Formicid Fighter on June 30, 2015.
             Was the Champion of Qazlal.
             Escaped with the Orb!
             The game lasted 01:06:21 (5217 turns).

pulse the Axe Maniac (Formicid Fighter)             Turns: 5217, Time: 01:06:21

Health: 199/212    AC: 45    Str: 33    XL:     22   Next: 17%
Magic:  38/39      EV: 28    Int:  9    God:    Qazlal [******]
Gold:   0          SH: 47    Dex: 23    Spells: 1 memorised, 34 levels left

rFire  + . .     SeeInvis +     N - +14 obsidian axe {chop, +Fly Str+3 SInv *Curse}
rCold  + + .     Clarity  .     K - +15 Maxwell's patent armour {-Cast -Tele rElec MR+ rCorr}
rNeg   + . .     SustAt   .     L - +18 shield of the gong {rElec rN+ MR+ EV-5}
rPois  +         Gourm    .     (helmet unavailable)
rElec  +         Spirit   +     Q - +2 cloak {rPois}
rCorr  +         Warding  .     a - +2 pair of gloves "Tunaipok" {rC++ MR- Dex+5}
rMut   .         Stasis   +     (no boots)
MR     +++..     NoCast   +     H - amulet of the Special Moons {Spirit +Fly Slay+3}
Stlth  ..........               c - ring "Fywk" {rElec rF+ Str+4 Stlth-}
                                t - ring "Lono" {+Inv rElec Dex+4}

@: repel missiles, extremely resistant to hostile enchantments, extremely
unstealthy
A: permanent stasis, dig shafts and tunnels, four strong arms, antennae 3,
repulsion field 1, sense surroundings 1
a: Dig, Upheaval, Elemental Force, Disaster Area, Renounce Religion, Evoke
Invisibility, Evoke Flight
0: Orb of Zot


You escaped.
You worshipped Qazlal.
Qazlal was exalted by your worship.
You were completely stuffed.

You visited 1 branch

Inventory:

Hand weapons
 M - a +5 executioner's axe
 N - the +14 obsidian axe (weapon) {chop, +Fly Str+3 SInv *Curse}
   (You found it in the Dungeon)

   It inflicts extra damage upon your enemies.
   It affects your strength (+3).
   It lets you see invisible.
   It lets you fly.
   It may re-curse itself when equipped.
Armour
 a - the +2 pair of gloves "Tunaipok" (worn) {rC++ MR- Dex+5}
   (You found it in the Dungeon)

   It affects your dexterity (+5).
   It greatly protects you from cold.
   It affects your resistance to hostile enchantments.
 K - the +15 Maxwell's patent armour (worn) {-Cast -Tele rElec MR+ rCorr}
   (You found it in the Dungeon)

   It insulates you from electricity.
   It affects your resistance to hostile enchantments.
   It prevents spellcasting.
   It prevents most forms of teleportation.
   It protects you from acid and corrosion.
 L - the +18 shield of the gong (worn) {rElec rN+ MR+ EV-5}
   (You found it in the Dungeon)

   It affects your evasion (-5).
   It insulates you from electricity.
   It protects you from negative energy.
   It affects your resistance to hostile enchantments.
 Q - a +2 cloak of poison resistance (worn)
Jewellery
 c - the ring "Fywk" (right hand) {rElec rF+ Str+4 Stlth-}
   (You found it in the Dungeon)

   [ring of loudness]

   It affects your strength (+4).
   It protects you from fire.
   It insulates you from electricity.
   It makes you less stealthy.
 m - an uncursed ring of protection from cold
 o - the ring of Shaolin {EV+8}
   (You took it off a guardian mummy in the Dungeon)

   [ring of evasion]

   It affects your evasion (+8).
 t - the ring "Lono" (left hand) {+Inv rElec Dex+4}
   (You found it in the Dungeon)

   [ring of dexterity]

   It affects your dexterity (+4).
   It insulates you from electricity.
   It lets you turn invisible.
 C - an uncursed ring of wizardry
 D - a +6 ring of dexterity
 E - the ring "Cichioq" {Fire rElec rN+}
   (You found it in the Dungeon)

   [ring of fire]

   It enhances your fire magic, and weakens your ice magic.
   It protects you from fire.
   It makes you vulnerable to cold.
   It insulates you from electricity.
   It protects you from negative energy.
 G - the amulet of Cionn {rElec rN+ Regen+ Dex+2}
   (You took it off a yellow draconian in the Dungeon)

   [amulet of regeneration]

   It affects your dexterity (+2).
   It insulates you from electricity.
   It protects you from negative energy.
   It increases your rate of regeneration.
 H - the amulet of the Special Moons (around neck) {Spirit +Fly Slay+3}
   (You found it in the Dungeon)

   [amulet of guardian spirit]

   It causes incoming damage to be split between your health and magic.
   It affects your accuracy and damage with ranged weapons and melee attacks
   (+3).
   It lets you fly.
 J - the ring "Igubb" {rElec rPois SInv}
   (You took it off a mummy priest in the Dungeon)

   [ring of poison resistance]

   It insulates you from electricity.
   It protects you from poison.
   It lets you see invisible.
 P - the ring "Xeles" {rC+ SInv}
   (You took it off a red draconian in the Dungeon)

   [ring of see invisible]

   It protects you from cold.
   It lets you see invisible.
 S - the amulet "Zihubi Jupne" {Ward rElec rN+ MR+}
   (You found it in the Dungeon)

   [amulet of warding]

   It may prevent the melee attacks of summoned creatures.
   It insulates you from electricity.
   It protects you from negative energy.
   It affects your resistance to hostile enchantments.
Magical devices
 y - a wand of disintegration (7)
 A - a wand of fire (2)
 B - a wand of cold (4)
Scrolls
 k - 4 scrolls of blinking
 q - 4 scrolls of amnesia
 r - 3 scrolls of recharging
 s - 6 scrolls of fog
 u - 5 scrolls of identify
 v - 4 scrolls of remove curse
 w - a scroll of fear
 V - 3 scrolls of brand weapon
 Z - 6 scrolls of enchant armour
Potions
 d - 7 potions of might
 f - 7 potions of curing
 g - 6 potions of heal wounds
 h - 6 potions of haste
 i - 7 potions of magic
 j - 3 potions of berserk rage
 l - 2 potions of brilliance
 n - 3 potions of resistance
 p - 4 potions of agility
Books
 T - a book of the Tempests

   Spells                             Type                      Level
   a - Static Discharge               Conjuration/Air              3
   b - Lightning Bolt                 Conjuration/Air              5
   c - Fireball                       Conjuration/Fire             5
   d - Tornado                        Air                          9
   e - Shatter                        Earth                        9
 Y - Bykhlath's Disquisition on Freezing Conjuration
   (You found it in the Dungeon)

   Spells                             Type                      Level
   a - Throw Frost                    Conjuration/Ice              2
   b - Mephitic Cloud                 Conjuration/Poison/Air       3
   c - Summon Ice Beast               Ice/Summoning                4
   d - Metabolic Englaciation         Hexes/Ice                    5
   e - Poisonous Cloud                Conjuration/Poison/Air       6
Miscellaneous
 b - a phial of floods
 F - a stone of tremors
 I - a fan of gales
 O - a box of beasts
 U - a lamp of fire
 W - 3 phantom mirrors
Comestibles
 e - 2 bread rations
 x - 42 fruits
 z - 2 meat rations
 R - 3 royal jellies


   Skills:
 O Level 27 Fighting
 O Level 27 Axes
 + Level 0.8 Throwing
 O Level 27 Armour
 * Level 24.9 Dodging
 - Level 13.3 Stealth
 O Level 27 Shields
 + Level 1.1 Unarmed Combat
 + Level 11.1 Spellcasting
   Level 12.8 Conjurations
 + Level 13.0 Earth Magic
 O Level 27 Invocations
 O Level 27 Evocations


You had 34 spell levels left.
You knew the following spells:

 Your Spells              Type           Power        Failure   Level  Hunger
a - Shatter               Erth           ####......   100%        9    #######


Dungeon Overview and Level Annotations

Branches:
Dungeon (1/1)

Altars:
Ashenzari
Cheibriados
Dithmenos
Elyvilon
Fedhas
Gozag
Kikubaaqudgha
Makhleb
Nemelex Xobeh
Okawaru
Qazlal
Ru
Sif Muna
Trog
Vehumet
Xom
Yredelemnul
Zin
The Shining One
Beogh
Jiyva
Lugonu


Innate Abilities, Weirdness & Mutations

You are under a permanent stasis effect.
You can dig through walls and to a lower floor.
Your four strong arms can wield two-handed weapons with a shield.
You have a pair of large antennae on your head (SInv).
You are surrounded by a mild repulsion field (EV +2).
You passively map a small area around you.


Message History

Your chaos spawn degenerates into a cloud of primal chaos!
The blast of hellfire engulfs the Brimstone Fiend.
The Brimstone Fiend completely resists.
You hit the Brimstone Fiend.
The Brimstone Fiend is severely wounded.
You chop the Brimstone Fiend into pieces!!!
You open a gate to Pandemonium!
A demon appears!
You break out of your daze!
You kill the Brimstone Fiend!
Qazlal accepts your kill.
No target in view!
Unknown command.
No target in view!
Really walk into that cloud of seething chaos? [Y]es or [N]o only, please.
Really walk into that cloud of seething chaos?
Okay, then.
You swap places.
There is a staircase leading out of the dungeon here.
You have escaped!

............▓..▓.)).)≈.▓≈.▓...8©8
..§.........▓.▓▓▓))†).▓▓▓.▓..[)=§
............▓≈.▓≈.†(...▓{.▓...§:§
............▓.≈.≈≈≈(.≈.≈..▓......
............▓.....≈..(.≈..▓......
............▓▓▓▓▓▓▓▓▓▓▓▓▓▓▓...)..
▓.......▓...▓8888888888888▓†.....
▓▓.....▓▓▓..▓8.§.§.......8▓....))
▓.......▓...▓8.§@3.......8▓.▓..†.
............▓8.§.§.......8▓...).)
............▓8888888888888▓▓▓▓▓▓▓
▓▓▓▓▓▓▓▓▓▓▓▓▓▓▓▓▓▓▓▓▓▓▓▓▓▓▓▓▓▓▓▓▓
.=...8©8........▓........8©8.....
)=:).§:§}"[.["|.▓...}}.|§|§}.}":.
[::.§)...[)[:):.▓.)=[|}.|.[)[}|.}
"))§[:.=.|)..:..▓..).}.)§§:}..::)
......).".......▓....)...§)......


You could see a friendly neqoxec.

Vanquished Creatures
  An ancient lich (D)
  2 pandemonium lords (D)
  A greater mummy (D)
  6 liches (D)
  A Brimstone Fiend (D)
  3 Orb Guardians (D)
  A tentacled starspawn (D)
  2 thorn hunters (D)
  An azure jelly (D)
  3 draconian monks (D)
  2 ghost moths (D)
  4 draconian knights (D)
  2 cacodemons (D)
  4 draconian scorchers (D)
  2 emperor scorpions (D)
  2 draconian zealots (D)
  5 draconian shifters (D)
  2 ghouls (D)
  3 draconian annihilators (D)
  7 spriggan defenders (D)
  12 stone giants (D)
  4 draconian callers (D)
  12 green draconians (D)
  10 black draconians (D)
  14 red draconians (D)
  3 vampire knights (D)
  15 mottled draconians (D)
  17 yellow draconians (D)
  A dire elephant (D)
  9 white draconians (D)
  9 purple draconians (D)
  2 death oozes (D)
  51 vault guards (D)
  6 merfolk javelineers (D)
  5 merfolk impalers (D)
  2 yaktaur captains (D)
  7 mummy priests (D)
  2 entropy weavers (D)
  11 spriggan air magi (D)
  Erica (D)
  6 merfolk aquamancers (D)
  Erolcha (D)
  An alligator snapping turtle (D)
  4 satyrs (D)
  A thrashing horror (D)
  8 spriggan berserkers (D)
  4 vampire magi (D)
  A fire crab (D)
  6 skeletal warriors (D)
  5 spriggan druids (D)
  2 sea snakes (D)
  3 shambling mangroves (D)
  4 anubis guards (D)
  4 wolf spiders (D)
  7 necromancers (D)
  A cyclops (D)
  An orb spider (D)
  2 sixfirhies (D)
  An oklob plant (D)
  5 draconian zombies (D)
  A water nymph (D)
  6 hornets (D)
  A manticore (D)
  A moth of wrath (D)
  4 draconians (D)
  A faun (D)
  A draconian skeleton (D)
  A black mamba (D)
  3 sirens (D)
  A rust devil (D)
  A worldbinder (D)
  A black draconian zombie (D)
  2 smoke demons (D)
  An efreet (D)
  18 yaktaurs (D)
  2 purple draconian zombies (D)
  3 demonic crawlers (D)
  A yellow draconian zombie (D)
  2 green draconian zombies (D)
  A red draconian zombie (D)
  3 ancient zymes (D)
  2 dryads (D)
  A mottled draconian skeleton (D)
  A hellwing (D)
  2 white draconian skeletons (D)
  10 guardian mummies (D)
  A purple draconian skeleton (D)
  A wind drake (D)
  5 merfolk (D)
  A jumping spider (D)
  A freezing wraith (D)
  4 ushabtiu (D)
  2 slime creatures (D)
  A raiju (D)
  3 redbacks (D)
  5 flying skulls (D)
  2 vampires (D)
  Sigmund (D)
  A water elemental (D)
  A trapdoor spider (D)
  2 spriggans (D)
  3 tarantellas (D)
  A neqoxec (D)
  A hungry ghost (D)
  4 shadows (D)
  5 large abominations (D)
  A golden eye (D)
  3 ynoxinuls (D)
  2 nagas (D)
  2 water moccasins (D)
  Edmund (D)
  2 wolves (D)
  2 chaos spawn (D)
  Duvessa (D)
  9 wasps (D)
  A necrophage (D)
  4 small abominations (D)
  Dowan (D)
  2 crimson imps (D)
  2 jellies (D)
  A quasit (D)
  5 orc wizards (D)
  Crazy Yiuf (D)
  3 orc priests (D)
  2 iron imps (D)
  Jessica (D)
  17 mummies (D)
  An adder (D)
  2 shadow imps (D)
  A giant eyeball (D)
  2 oozes (D)
  3 ufetubi (D)
  3 adder skeletons (D)
  3 adder zombies (D)
  2 adder simulacra (D)
  2 ball pythons (D)
  A bat skeleton (D)
  2 bat zombies (D)
  2 ball python skeletons (D)
  2 giant cockroach simulacra (D)
  A giant cockroach zombie (D)
  A giant gecko zombie (D)
  A jackal zombie (D)
  A quokka skeleton (D)
  2 quokka zombies (D)
  A butterfly (D)
  3 starspawn tentacles (D)
  A starspawn tentacle segment (D)
530 creatures vanquished.

Vanquished Creatures (collateral kills)
  An emperor scorpion (D)
  A draconian annihilator (D)
  A draconian caller (D)
  A black draconian (D)
  A white draconian (D)
  A green draconian (D)
  A merfolk javelineer (D)
  A merfolk impaler (D)
  3 vault guards (D)
  An entropy weaver (D)
  An ogre mage (D)
  A vampire mage (D)
  A spriggan berserker (D)
  A giant orange brain (D)
  A draconian zombie (D)
  A worldbinder (D)
  An eye of devastation (D)
  A yaktaur (D)
  A yellow draconian zombie (D)
  A snapping turtle (D)
  A slime creature (D)
  A tarantella (D)
  A necrophage (D)
25 creatures vanquished.

Vanquished Creatures (others)
  An ancient lich (D)
  A lich (D)
  A draconian caller (D)
  A necromancer (D)
  A wasp (D)
  Blork the orc (D)
  A starspawn tentacle (D)
  6 starspawn tentacle segments (D)
13 creatures vanquished.

Grand Total: 568 creatures vanquished

Notes
Turn   | Place    | Note
--------------------------------------------------------------
     0 | D        | pulse the Formicid Fighter began the quest for the Orb.
     0 | D        | Reached XP level 1. HP: 18/18 MP: 1/1
     2 | D        | Found an iron altar of Okawaru.
     2 | D        | Found a radiant altar of Vehumet.
     2 | D        | Found a shimmering altar of Xom.
     2 | D        | Found a burning altar of Makhleb.
     7 | D        | Found a deep blue altar of Sif Muna.
     9 | D        | Found a white marble altar of Elyvilon.
     9 | D        | Found a sparkling altar of Nemelex Xobeh.
     9 | D        | Found a corrupted altar of Lugonu.
     9 | D        | Found a bloodstained altar of Trog.
     9 | D        | Found a roughly hewn altar of Beogh.
     9 | D        | Found a viscous altar of Jiyva.
    45 | D        | Became a worshipper of Qazlal Stormbringer
   123 | D        | Entered arena 1.
   123 | D        | Noticed an iron imp
   126 | D        | Killed an iron imp
   126 | D        | Reached skill level 6 in Axes
   126 | D        | Reached XP level 2. HP: 24/24 MP: 2/2
   126 | D        | Reached XP level 3. HP: 29/29 MP: 3/3
   146 | D        | Entered arena 2.
   146 | D        | Noticed a merfolk
   146 | D        | Noticed a merfolk
   146 | D        | Noticed a merfolk
   156 | D        | Killed a merfolk
   156 | D        | Acquired Qazlal's first power
   156 | D        | Reached skill level 12 in Axes
   156 | D        | Reached XP level 4. HP: 35/35 MP: 4/4
   156 | D        | Reached XP level 5. HP: 41/41 MP: 5/5
   156 | D        | Reached XP level 6. HP: 47/47 MP: 6/6
   156 | D        | Killed a merfolk
   156 | D        | Reached skill level 14 in Axes
   156 | D        | Reached XP level 7. HP: 52/52 MP: 7/7
   160 | D        | Killed a merfolk
   160 | D        | Reached skill level 15 in Axes
   183 | D        | Entered arena 3.
   183 | D        | Noticed an orc wizard
   183 | D        | Noticed an orc wizard
   183 | D        | Noticed an orc wizard
   183 | D        | Noticed an orc priest
   186 | D        | Killed an orc priest
   186 | D        | Acquired Qazlal's second power
   187 | D        | Killed an orc wizard
   187 | D        | Reached XP level 8. HP: 43/59 MP: 8/8
   189 | D        | Killed an orc wizard
   191 | D        | Killed an orc wizard
   301 | D        | Entered arena 4.
   301 | D        | Noticed an orc wizard
   301 | D        | Noticed an orc priest
   301 | D        | Noticed an orc priest
   301 | D        | Noticed an orc wizard
   305 | D        | Killed an orc wizard
   305 | D        | Acquired Qazlal's third power
   306 | D        | Killed an orc wizard
   306 | D        | Killed an orc priest
   306 | D        | Reached skill level 5 in Armour
   308 | D        | Killed an orc priest
   317 | D        | Gained mutation: You passively map a small area around you. [helix card]
   318 | D        | Drew Focus: Str increased to 24, Int decreased to 7
   320 | D        | Gained mutation: You are surrounded by a mild repulsion field (EV +2). [helix card]
   323 | D        | Noticed Fon Qux
   326 | D        | Killed Fon Qux the ogre mage
   327 | D        | Entered arena 5.
   329 | D        | Acquired Qazlal's fourth power
   332 | D        | Reached skill level 5 in Shields
   334 | D        | Acquired Qazlal's fifth power
   338 | D        | Got the ring "Fywk" {rElec rF+ Str+4 Stlth-}
   347 | D        | Entered arena 6.
   347 | D        | Noticed a yaktaur
   347 | D        | Noticed a vault guard
   347 | D        | Noticed a yaktaur
   347 | D        | Noticed a vault guard
   347 | D        | Noticed a yaktaur
   347 | D        | Noticed a fire crab
   354 | D        | Killed a fire crab
   354 | D        | Reached skill level 5 in Fighting
   354 | D        | Reached skill level 16 in Axes
   354 | D        | Reached skill level 1 in Evocations
   354 | D        | Reached XP level 9. HP: 66/68 MP: 8/11
   357 | D        | Killed a vault guard
   357 | D        | Reached skill level 5 in Invocations
   357 | D        | Killed a vault guard
   357 | D        | Reached skill level 17 in Axes
   357 | D        | Reached XP level 10. HP: 71/77 MP: 8/14
   360 | D        | Killed a yaktaur
   365 | D        | Killed a yaktaur
   365 | D        | Killed a yaktaur
   365 | D        | Reached skill level 18 in Axes
   543 | D        | Entered arena 7.
   543 | D        | Noticed an ushabti
   543 | D        | Noticed a mummy priest
   543 | D        | Noticed an anubis guard
   543 | D        | Noticed an ushabti
   545 | D        | Noticed a rust devil
   548 | D        | Killed an anubis guard
   551 | D        | Killed a mummy priest
   553 | D        | Killed an ushabti
   555 | D        | Killed an ushabti
   555 | D        | Reached XP level 11. HP: 76/86 MP: 8/17
   614 | D        | Entered arena 8.
   614 | D        | Noticed a naga
   614 | D        | Noticed a water moccasin
   614 | D        | Noticed a black mamba
   614 | D        | Noticed a water moccasin
   620 | D        | Killed a water moccasin
   622 | D        | Killed a black mamba
   624 | D        | Killed a water moccasin
   624 | D        | Reached skill level 19 in Axes
   628 | D        | Killed a naga
   644 | D        | Entered arena 9.
   644 | D        | Noticed a green draconian
   644 | D        | Noticed a draconian
   644 | D        | Noticed a draconian
   644 | D        | Noticed a draconian
   644 | D        | Noticed a draconian
   644 | D        | Noticed a white draconian
   644 | D        | Noticed a yellow draconian
   644 | D        | Noticed a purple draconian
   654 | D        | Killed a yellow draconian
   656 | D        | Killed a purple draconian
   656 | D        | Reached skill level 10 in Armour
   656 | D        | Reached skill level 10 in Shields
   659 | D        | Killed a white draconian
   659 | D        | Reached skill level 20 in Axes
   659 | D        | Killed a draconian
   660 | D        | Killed a draconian
   664 | D        | Identified a +2 rod of clouds (8/14)
   666 | D        | Killed a draconian
   668 | D        | Killed a green draconian
   668 | D        | Reached skill level 10 in Fighting
   668 | D        | Reached skill level 10 in Invocations
   671 | D        | Killed a draconian
   671 | D        | Reached XP level 12. HP: 29/97 MP: 12/19
   692 | D        | Got the amulet "Pympos" {rCorr Str+3}
   694 | D        | Got the amulet of the Final Decision {Stasis rF+ rC+ Dex+2 Slay-4}
   699 | D        | Got the +2 pair of gloves "Tunaipok" {rC++ MR- Dex+5}
   933 | D        | Entered arena 10.
   933 | D        | Noticed Sigmund
   933 | D        | Noticed Jessica
   933 | D        | Noticed Blork the orc
   933 | D        | Noticed Crazy Yiuf
   933 | D        | Noticed Dowan
   933 | D        | Noticed Duvessa
   933 | D        | Noticed Edmund
   933 | D        | Noticed Erica
   933 | D        | Noticed Erolcha
   934 | D        | Killed Dowan
   935 | D        | Killed Jessica
   936 | D        | Killed Edmund
   938 | D        | Killed Erolcha
   943 | D        | Killed Erica
   943 | D        | Reached skill level 21 in Axes
   944 | D        | Killed Crazy Yiuf
   944 | D        | Killed Blork the orc
   945 | D        | Killed Duvessa
   949 | D        | Killed Sigmund
  1017 | D        | Entered arena 11.
  1017 | D        | Noticed a vault guard
  1017 | D        | Noticed a vault guard
  1017 | D        | Noticed a lich
  1017 | D        | Noticed a yaktaur
  1017 | D        | Noticed a vault guard
  1018 | D        | Noticed a vault guard
  1018 | D        | Noticed a lich
  1018 | D        | Noticed a stone giant
  1018 | D        | Noticed a vault guard
  1019 | D        | Noticed a reaper
  1019 | D        | Noticed a vault guard
  1019 | D        | Killed a vault guard
  1020 | D        | Noticed a Hell Sentinel
  1021 | D        | Noticed an Executioner
  1024 | D        | Noticed a blizzard demon
  1025 | D        | Killed a stone giant
  1027 | D        | Noticed a hell beast
  1029 | D        | Killed a vault guard
  1032 | D        | Killed a vault guard
  1033 | D        | Killed a vault guard
  1033 | D        | Reached skill level 1 in Stealth
  1033 | D        | Killed an Executioner
  1033 | D        | Killed a lich
  1033 | D        | Reached skill level 22 in Axes
  1033 | D        | Killed a yaktaur
  1037 | D        | Killed a lich
  1037 | D        | Reached XP level 13. HP: 31/106 MP: 3/23
  1038 | D        | Killed a vault guard
  1041 | D        | Killed a vault guard
  1053 | D        | Got the amulet "Zihubi Jupne" {Ward rElec rN+ MR+}
  1326 | D        | Entered arena 12.
  1326 | D        | Noticed a yellow draconian
  1326 | D        | Noticed a green draconian
  1326 | D        | Noticed an Orb Guardian
  1326 | D        | Noticed a green draconian knight
  1326 | D        | Noticed an Orb Guardian
  1327 | D        | Noticed a red draconian
  1327 | D        | Noticed a mottled draconian
  1327 | D        | Noticed a yellow draconian
  1329 | D        | Noticed a moth of wrath
  1329 | D        | Noticed an Orb Guardian
  1330 | D        | Noticed a black draconian
  1333 | D        | Killed an Orb Guardian
  1333 | D        | Killed an Orb Guardian
  1333 | D        | Reached skill level 15 in Invocations
  1335 | D        | Killed a moth of wrath
  1335 | D        | Killed a black draconian
  1335 | D        | Killed a yellow draconian
  1335 | D        | Killed a mottled draconian
  1335 | D        | Killed a green draconian
  1335 | D        | Killed a yellow draconian
  1335 | D        | Killed a green draconian knight
  1335 | D        | Reached XP level 14. HP: 102/116 MP: 8/26
  1335 | D        | Killed a red draconian
  1338 | D        | Killed an Orb Guardian
  1338 | D        | Reached skill level 23 in Axes
  1467 | D        | Entered arena 13.
  1468 | D        | Noticed a spriggan berserker
  1468 | D        | Noticed a spriggan berserker
  1468 | D        | Noticed a spriggan rider
  1468 | D        | Noticed a dryad
  1468 | D        | Noticed a shambling mangrove
  1468 | D        | Noticed a spriggan defender
  1469 | D        | Noticed a spriggan air mage
  1469 | D        | Killed a spriggan berserker
  1469 | D        | Killed a wasp
  1470 | D        | Noticed a satyr
  1470 | D        | Noticed a spriggan air mage
  1470 | D        | Noticed a spriggan druid
  1470 | D        | Killed a spriggan defender
  1470 | D        | Killed a spriggan air mage
  1470 | D        | Killed a spriggan
  1470 | D        | Killed a satyr
  1471 | D        | Noticed a spriggan air mage
  1471 | D        | Noticed a spriggan air mage
  1475 | D        | Killed a spriggan berserker
  1476 | D        | Killed a dryad
  1478 | D        | Killed a spriggan air mage
  1478 | D        | Reached skill level 15 in Shields
  1479 | D        | Killed a spriggan air mage
  1480 | D        | Killed a shambling mangrove
  1481 | D        | Noticed a dire elephant
  1482 | D        | Killed a spriggan druid
  1487 | D        | Killed a spriggan air mage
  1494 | D        | Killed a dire elephant
  1878 | D        | Got the +6 great mace of Zeolo {vamp, rF+}
  1881 | D        | Entered arena 14.
  1882 | D        | Noticed a merfolk javelineer
  1882 | D        | Noticed a merfolk aquamancer
  1882 | D        | Noticed a manticore
  1882 | D        | Noticed a merfolk javelineer
  1882 | D        | Killed a water elemental
  1883 | D        | Noticed a siren
  1883 | D        | Noticed a merfolk javelineer
  1884 | D        | Killed a merfolk aquamancer
  1884 | D        | Killed a manticore
  1885 | D        | Noticed a siren
  1885 | D        | Noticed a merfolk impaler
  1885 | D        | Killed a merfolk javelineer
  1885 | D        | Killed a merfolk impaler
  1886 | D        | Noticed a merfolk
  1886 | D        | Killed a siren
  1886 | D        | Reached skill level 15 in Armour
  1887 | D        | Noticed a cyclops
  1888 | D        | Noticed a merfolk impaler
  1889 | D        | Noticed a merfolk aquamancer
  1890 | D        | Killed a merfolk impaler
  1891 | D        | Killed a merfolk
  1893 | D        | Killed a merfolk javelineer
  1897 | D        | Killed a cyclops
  1898 | D        | Killed a merfolk aquamancer
  1900 | D        | Killed a siren
  1903 | D        | Killed a merfolk javelineer
  1966 | D        | Entered arena 15.
  1967 | D        | Noticed a jelly
  1967 | D        | Noticed a death ooze
  1967 | D        | Noticed a death ooze
  1967 | D        | Noticed a slime creature
  1967 | D        | Noticed a slime creature
  1967 | D        | Killed a jelly
  1967 | D        | Killed a golden eye
  1967 | D        | Killed a jelly
  1968 | D        | Noticed an azure jelly
  1968 | D        | Killed a slime creature
  1968 | D        | Killed a death ooze
  1968 | D        | Reached XP level 15. HP: 125/125 MP: 24/29
  1969 | D        | Noticed a giant orange brain
  1969 | D        | Noticed an eye of devastation
  1969 | D        | Noticed a slime creature
  1970 | D        | Killed a slime creature
  1974 | D        | Killed an azure jelly
  1974 | D        | Reached skill level 24 in Axes
  1975 | D        | Killed a death ooze
  1977 | D        | Killed a slime creature
  1978 | D        | Killed a giant orange brain
  1981 | D        | Killed an eye of devastation
  2085 | D        | Entered arena 16.
  2087 | D        | Noticed a small abomination
  2087 | D        | Noticed a tentacled starspawn
  2087 | D        | Noticed a demonic crawler
  2087 | D        | Noticed a small abomination
  2087 | D        | Noticed a quasit
  2088 | D        | Noticed a worldbinder
  2088 | D        | Killed a small abomination
  2089 | D        | Noticed an ancient zyme
  2089 | D        | Noticed a neqoxec
  2090 | D        | Killed an ancient zyme
  2090 | D        | Killed a demonic crawler
  2090 | D        | Killed a tentacled starspawn
  2091 | D        | Noticed a crimson imp
  2091 | D        | Killed a quasit
  2091 | D        | Killed a neqoxec
  2092 | D        | Noticed a crimson imp
  2092 | D        | Killed a small abomination
  2096 | D        | Killed a worldbinder
  2099 | D        | Identified a +3 rod of destruction (9/13)
  2102 | D        | Killed a crimson imp
  2103 | D        | Killed a crimson imp
  2168 | D        | Entered arena 17.
  2170 | D        | Noticed a spriggan druid
  2170 | D        | Noticed a shambling mangrove
  2170 | D        | Noticed a faun
  2171 | D        | Noticed a thorn hunter
  2171 | D        | Noticed a spriggan air mage
  2171 | D        | Noticed a spriggan berserker
  2171 | D        | Killed a faun
  2171 | D        | Killed a spriggan druid
  2171 | D        | Killed a spriggan berserker
  2172 | D        | Noticed a dryad
  2173 | D        | Noticed a spriggan air mage
  2173 | D        | Noticed a spriggan rider
  2173 | D        | Killed a thorn hunter
  2173 | D        | Killed a spriggan air mage
  2173 | D        | Killed a dryad
  2173 | D        | Killed a shambling mangrove
  2173 | D        | Killed a spriggan rider
  2173 | D        | Killed a wasp
  2174 | D        | Noticed a wolf
  2175 | D        | Noticed a spriggan druid
  2176 | D        | Noticed a spriggan berserker
  2179 | D        | Killed a spriggan berserker
  2182 | D        | Killed a spriggan druid
  2187 | D        | Killed a spriggan berserker
  2187 | D        | Killed a wolf
  2189 | D        | Killed a spriggan air mage
  2190 | D        | Noticed an oklob plant
  2201 | D        | Killed an oklob plant
  2245 | D        | Got the ring "Cichioq" {Fire rElec rN+}
  2269 | D        | Entered arena 18.
  2270 | D        | Noticed a sea snake
  2271 | D        | Noticed a merfolk javelineer
  2271 | D        | Noticed an alligator snapping turtle
  2271 | D        | Noticed a merfolk aquamancer
  2271 | D        | Noticed a sea snake
  2272 | D        | Noticed a merfolk aquamancer
  2272 | D        | Noticed a merfolk aquamancer
  2272 | D        | Killed a siren
  2272 | D        | Noticed a merfolk impaler
  2273 | D        | Killed a merfolk aquamancer
  2273 | D        | Killed a merfolk aquamancer
  2273 | D        | Killed a merfolk aquamancer
  2274 | D        | Noticed a merfolk
  2274 | D        | Noticed a merfolk impaler
  2274 | D        | Killed a sea snake
  2275 | D        | Noticed a snapping turtle
  2275 | D        | Noticed a merfolk javelineer
  2276 | D        | Killed a sea snake
  2277 | D        | Noticed a merfolk impaler
  2277 | D        | Noticed a water nymph
  2277 | D        | Noticed a merfolk javelineer
  2277 | D        | Noticed a merfolk aquamancer
  2277 | D        | Noticed a merfolk javelineer
  2278 | D        | Noticed a merfolk impaler
  2278 | D        | Killed a merfolk impaler
  2278 | D        | Killed a merfolk aquamancer
  2281 | D        | Killed a merfolk javelineer
  2281 | D        | Reached skill level 25 in Axes
  2285 | D        | Killed an alligator snapping turtle
  2289 | D        | Killed a merfolk javelineer
  2289 | D        | Killed a water nymph
  2291 | D        | Killed a merfolk javelineer
  2291 | D        | Killed a merfolk
  2292 | D        | Killed a merfolk impaler
  2293 | D        | Killed a merfolk javelineer
  2294 | D        | Killed a merfolk impaler
  2294 | D        | Reached XP level 16. HP: 123/134 MP: 21/32
  2295 | D        | Killed a merfolk impaler
  2298 | D        | Killed a snapping turtle
  2335 | D        | Entered arena 19.
  2339 | D        | Noticed a vault guard
  2339 | D        | Noticed a stone giant
  2339 | D        | Noticed a vault guard
  2339 | D        | Noticed a vault guard
  2339 | D        | Noticed a vault guard
  2340 | D        | Noticed a vault guard
  2340 | D        | Noticed a vault guard
  2340 | D        | Noticed a vault guard
  2340 | D        | Noticed a yaktaur
  2340 | D        | Noticed a vault guard
  2341 | D        | Noticed a stone giant
  2341 | D        | Noticed a stone giant
  2341 | D        | Noticed a yaktaur
  2342 | D        | Noticed a vault guard
  2343 | D        | Noticed a vault guard
  2343 | D        | Noticed a vault guard
  2343 | D        | Identified the +8 great mace of the Pyrrhic Victory {elec, Str+5}
  2344 | D        | Noticed a vault guard
  2344 | D        | Noticed a vault guard
  2344 | D        | Noticed a vault guard
  2344 | D        | Noticed a yaktaur
  2344 | D        | Noticed a yaktaur
  2346 | D        | Noticed a vault guard
  2349 | D        | Killed a yaktaur
  2349 | D        | Killed a yaktaur
  2349 | D        | Reached skill level 5 in Evocations
  2349 | D        | Killed a vault guard
  2349 | D        | Killed a vault guard
  2349 | D        | Killed a vault guard
  2349 | D        | Killed a yaktaur
  2349 | D        | Killed a yaktaur
  2349 | D        | Killed a vault guard
  2349 | D        | Reached skill level 15 in Fighting
  2349 | D        | Killed a vault guard
  2349 | D        | Killed a vault guard
  2349 | D        | Killed a vault guard
  2349 | D        | Killed a vault guard
  2349 | D        | Killed a vault guard
  2349 | D        | Killed a vault guard
  2349 | D        | Killed a vault guard
  2349 | D        | Killed a vault guard
  2349 | D        | Killed a vault guard
  2349 | D        | Killed a vault guard
  2349 | D        | Killed a stone giant
  2349 | D        | Reached skill level 26 in Axes
  2349 | D        | Killed a stone giant
  2349 | D        | Killed a vault guard
  2350 | D        | Killed a stone giant
  2424 | D        | Entered arena 20.
  2427 | D        | Noticed a spriggan berserker
  2427 | D        | Noticed a spriggan defender
  2427 | D        | Noticed a spriggan defender
  2428 | D        | Noticed a hornet
  2428 | D        | Noticed a spriggan defender
  2429 | D        | Noticed a spriggan berserker
  2429 | D        | Noticed a spriggan druid
  2429 | D        | Noticed a wind drake
  2430 | D        | Noticed a spriggan air mage
  2430 | D        | Noticed a satyr
  2430 | D        | Noticed a spriggan defender
  2430 | D        | Killed a spriggan druid
  2430 | D        | Killed a spriggan berserker
  2430 | D        | Killed a spriggan defender
  2430 | D        | Killed a spriggan berserker
  2430 | D        | Killed a spriggan defender
  2430 | D        | Noticed a spriggan air mage
  2430 | D        | Noticed a spriggan berserker
  2431 | D        | Noticed a spriggan berserker
  2431 | D        | Noticed a satyr
  2431 | D        | Killed a spriggan defender
  2433 | D        | Noticed a spriggan defender
  2433 | D        | Noticed a spriggan air mage
  2434 | D        | Noticed a spriggan air mage
  2434 | D        | Noticed a thorn hunter
  2435 | D        | Noticed a satyr
  2435 | D        | Noticed a spriggan air mage
  2435 | D        | Noticed a spriggan defender
  2435 | D        | Killed a hornet
  2437 | D        | Killed a spriggan defender
  2439 | D        | Noticed a spriggan druid
  2441 | D        | Noticed a shambling mangrove
  2442 | D        | Killed a wind drake
  2443 | D        | Killed a spriggan air mage
  2446 | D        | Killed a spriggan air mage
  2446 | D        | Killed a spriggan air mage
  2446 | D        | Killed a shambling mangrove
  2446 | D        | Killed a thorn hunter
  2446 | D        | Reached skill level 27 in Axes
  2446 | D        | Killed a satyr
  2446 | D        | Killed a satyr
  2446 | D        | Killed a spriggan druid
  2446 | D        | Killed a spriggan defender
  2446 | D        | Killed a satyr
  2446 | D        | Reached XP level 17. HP: 30/144 MP: 23/34
  2446 | D        | Killed a spriggan air mage
  2446 | D        | Killed a spriggan air mage
  2446 | D        | Killed a spriggan defender
  2450 | D        | Killed a spriggan berserker
  2450 | D        | Killed a spriggan berserker
  2451 | D        | Noticed a raiju
  2456 | D        | Killed a raiju
  2867 | D        | Entered arena 21.
  2876 | D        | Noticed a tarantella
  2876 | D        | Noticed a wolf spider
  2876 | D        | Noticed a wolf spider
  2876 | D        | Noticed a ghost moth
  2876 | D        | Noticed an entropy weaver
  2876 | D        | Noticed a redback
  2877 | D        | Noticed a wolf spider
  2877 | D        | Noticed a ghost moth
  2877 | D        | Killed a wolf spider
  2877 | D        | Killed a wolf spider
  2877 | D        | Killed a wasp
  2878 | D        | Noticed a hornet
  2878 | D        | Noticed a demonic crawler
  2878 | D        | Noticed a jumping spider
  2878 | D        | Noticed a wasp
  2878 | D        | Noticed an entropy weaver
  2878 | D        | Killed a ghost moth
  2878 | D        | Killed a tarantella
  2878 | D        | Noticed a hornet
  2878 | D        | Noticed a demonic crawler
  2879 | D        | Noticed a hornet
  2879 | D        | Noticed an emperor scorpion
  2879 | D        | Noticed a trapdoor spider
  2879 | D        | Noticed a tarantella
  2880 | D        | Noticed a tarantella
  2880 | D        | Noticed a tarantella
  2880 | D        | Killed a redback
  2881 | D        | Noticed an emperor scorpion
  2881 | D        | Killed a jumping spider
  2882 | D        | Noticed a redback
  2882 | D        | Noticed a redback
  2882 | D        | Killed a wolf spider
  2883 | D        | Noticed an entropy weaver
  2883 | D        | Noticed a wolf spider
  2883 | D        | Killed a ghost moth
  2883 | D        | Killed a wasp
  2885 | D        | Killed a hornet
  2885 | D        | Reached skill level 27 in Invocations
  2886 | D        | Noticed an orb spider
  2887 | D        | Killed a demonic crawler
  2888 | D        | Noticed an emperor scorpion
  2888 | D        | Killed a hornet
  2889 | D        | Killed a hornet
  2890 | D        | Killed a trapdoor spider
  2891 | D        | Killed an emperor scorpion
  2891 | D        | Killed a tarantella
  2893 | D        | Killed a redback
  2893 | D        | Killed a tarantella
  2894 | D        | Killed a wolf spider
  2895 | D        | Killed a redback
  2899 | D        | Killed a demonic crawler
  2901 | D        | Killed a tarantella
  2903 | D        | Killed an entropy weaver
  2904 | D        | Killed an entropy weaver
  2910 | D        | Killed an entropy weaver
  2915 | D        | Killed an emperor scorpion
  2926 | D        | Killed an emperor scorpion
  2934 | D        | Killed an orb spider
  3270 | D        | Got the amulet of the Special Moons {Spirit +Fly Slay+3}
  3302 | D        | Identified Bykhlath's Disquisition on Freezing Conjuration (You found it in the Dungeon)
  3308 | D        | Entered arena 22.
  3312 | D        | Reached skill level 1 in Unarmed Combat
  3312 | D        | Reached XP level 18. HP: 155/155 MP: 35/35
  3313 | D        | Noticed a wolf
  3314 | D        | Noticed Dinuos the pandemonium lord
  3314 | D        | Killed a ynoxinul
  3314 | D        | Killed a smoke demon
  3315 | D        | Noticed a large abomination
  3315 | D        | Noticed a cacodemon
  3315 | D        | Noticed a ynoxinul
  3315 | D        | Killed a large abomination
  3315 | D        | Killed a ynoxinul
  3315 | D        | Killed a hellwing
  3316 | D        | Noticed a sixfirhy
  3316 | D        | Killed a wolf
  3317 | D        | Noticed an ancient zyme
  3318 | D        | Noticed Xousugock the pandemonium lord
  3318 | D        | Noticed a chaos spawn
  3318 | D        | Noticed a large abomination
  3318 | D        | Noticed a smoke demon
  3318 | D        | Killed a cacodemon
  3318 | D        | Killed an ancient zyme
  3318 | D        | Killed a sixfirhy
  3318 | D        | Killed Dinuos the pandemonium lord
  3318 | D        | Reached skill level 5 in Stealth
  3319 | D        | Noticed a large abomination
  3319 | D        | Noticed a rust devil
  3319 | D        | Noticed a small abomination
  3319 | D        | Noticed a hungry ghost
  3319 | D        | Killed a large abomination
  3320 | D        | Noticed a ynoxinul
  3320 | D        | Noticed a vampire
  3320 | D        | Noticed a cacodemon
  3320 | D        | Killed a large abomination
  3320 | D        | Killed a hungry ghost
  3320 | D        | Killed a vampire
  3320 | D        | Killed a ynoxinul
  3321 | D        | Noticed a large abomination
  3321 | D        | Noticed a chaos spawn
  3322 | D        | Noticed a thrashing horror
  3323 | D        | Noticed an efreet
  3323 | D        | Killed a chaos spawn
  3324 | D        | Noticed a large abomination
  3325 | D        | Killed Xousugock the pandemonium lord
  3326 | D        | Noticed a worldbinder
  3326 | D        | Killed a small abomination
  3327 | D        | Noticed a sixfirhy
  3328 | D        | Killed a thrashing horror
  3328 | D        | Killed a large abomination
  3328 | D        | Killed a smoke demon
  3329 | D        | Noticed an ancient zyme
  3330 | D        | Noticed a freezing wraith
  3330 | D        | Killed a rust devil
  3331 | D        | Killed a sixfirhy
  3333 | D        | Killed a large abomination
  3335 | D        | Killed an efreet
  3335 | D        | Killed a worldbinder
  3336 | D        | Noticed an iron imp
  3336 | D        | Killed a chaos spawn
  3338 | D        | Killed a cacodemon
  3339 | D        | Killed an ancient zyme
  3339 | D        | Killed a freezing wraith
  3343 | D        | Killed an iron imp
  3787 | D        | Entered arena 23.
  3787 | D        | Noticed a necrophage
  3787 | D        | Noticed a vampire knight
  3787 | D        | Noticed a vampire knight
  3787 | D        | Noticed a vampire mage
  3789 | D        | Noticed a vampire knight
  3797 | D        | Killed a vampire mage
  3798 | D        | Noticed a necromancer
  3798 | D        | Noticed a vampire mage
  3798 | D        | Killed a vampire knight
  3799 | D        | Noticed a necromancer
  3800 | D        | Killed a vampire knight
  3801 | D        | Noticed an ancient lich
  3801 | D        | Killed a necrophage
  3802 | D        | Noticed a lich
  3802 | D        | Noticed a skeletal warrior
  3803 | D        | Noticed a ghoul
  3803 | D        | Noticed a necromancer
  3803 | D        | Killed a vampire knight
  3804 | D        | Noticed a skeletal warrior
  3805 | D        | Noticed a skeletal warrior
  3805 | D        | Noticed a shadow
  3805 | D        | Noticed a skeletal warrior
  3805 | D        | Noticed a necromancer
  3806 | D        | Noticed a vampire
  3806 | D        | Noticed a shadow
  3806 | D        | Noticed a skeletal warrior
  3806 | D        | Killed a skeletal warrior
  3806 | D        | Killed a lich
  3806 | D        | Killed a skeletal warrior
  3806 | D        | Killed a shadow
  3807 | D        | Noticed a ghoul
  3807 | D        | Noticed a lich
  3807 | D        | Noticed a shadow
  3807 | D        | Noticed a vampire mage
  3807 | D        | Noticed a shadow
  3807 | D        | Killed a skeletal warrior
  3807 | D        | Killed a skeletal warrior
  3807 | D        | Killed a necromancer
  3807 | D        | Killed a shadow
  3808 | D        | Noticed a skeletal warrior
  3808 | D        | Noticed a necromancer
  3808 | D        | Noticed a vampire mage
  3808 | D        | Killed a shadow
  3808 | D        | Killed a vampire
  3808 | D        | Killed a necromancer
  3808 | D        | Killed a necromancer
  3808 | D        | Reached XP level 19. HP: 134/166 MP: 16/36
  3808 | D        | Killed a necromancer
  3809 | D        | Noticed a necromancer
  3809 | D        | Noticed a necrophage
  3810 | D        | an ancient lich (ally) was killed
  3810 | D        | Killed a skeletal warrior
  3810 | D        | Killed a vampire mage
  3810 | D        | Killed a shadow
  3810 | D        | Killed a vampire mage
  3810 | D        | Reached skill level 10 in Evocations
  3810 | D        | Killed a necrophage
  3810 | D        | Killed a necromancer
  3811 | D        | Killed a vampire mage
  3812 | D        | Noticed a necromancer
  3812 | D        | Killed a ghoul
  3814 | D        | Noticed a necromancer
  3814 | D        | Noticed a vampire mage
  3814 | D        | Killed an ancient lich
  3814 | D        | Reached skill level 27 in Shields
  3818 | D        | Killed a necromancer
  3818 | D        | Killed a lich
  3818 | D        | Killed a skeletal warrior
  3819 | D        | Killed a necromancer
  3819 | D        | Killed a necromancer
  3820 | D        | Killed a ghoul
  3829 | D        | Killed a vampire mage
  4133 | D        | Identified the Disquisition on Attacks and Snow (You found it in the Dungeon)
  4133 | D        | Identified the Disquisition on Attacks and Snow (You found it in the Dungeon)
  4133 | D        | Identified the Disquisition on Attacks and Snow (You found it in the Dungeon)
  4143 | D        | Learned a level 9 spell: Shatter
  4149 | D        | Entered arena 24.
  4161 | D        | Noticed a purple draconian
  4161 | D        | Noticed a red draconian caller
  4161 | D        | Noticed a mottled draconian
  4161 | D        | Noticed a green draconian knight
  4161 | D        | Noticed a white draconian
  4161 | D        | Noticed a mottled draconian
  4161 | D        | Noticed a black draconian
  4161 | D        | Noticed a yellow draconian
  4161 | D        | Noticed a purple draconian
  4161 | D        | Noticed a red draconian scorcher
  4162 | D        | Noticed a yellow draconian
  4162 | D        | Noticed a mottled draconian
  4162 | D        | Noticed a black draconian
  4162 | D        | Noticed a white draconian
  4162 | D        | Noticed a red draconian
  4162 | D        | Noticed a black draconian
  4162 | D        | Noticed a yellow draconian annihilator
  4162 | D        | Noticed a mottled draconian
  4162 | D        | Noticed a green draconian
  4162 | D        | Noticed a red draconian
  4163 | D        | Noticed a red draconian annihilator
  4163 | D        | Killed a black draconian
  4163 | D        | Reached skill level 1 in Spellcasting
  4163 | D        | Reached skill level 1 in Conjurations
  4163 | D        | Reached skill level 1 in Earth Magic
  4163 | D        | Killed a white draconian
  4163 | D        | Killed a red draconian scorcher
  4163 | D        | Killed a purple draconian
  4164 | D        | Noticed a white draconian
  4164 | D        | Noticed a green draconian
  4164 | D        | Noticed a mottled draconian scorcher
  4164 | D        | Noticed a yellow draconian
  4164 | D        | Noticed a green draconian
  4164 | D        | Killed a black draconian
  4164 | D        | Killed a mottled draconian
  4164 | D        | Reached skill level 5 in Conjurations
  4164 | D        | Killed a white draconian
  4164 | D        | Reached skill level 5 in Earth Magic
  4164 | D        | Killed a black draconian
  4165 | D        | Noticed a purple draconian monk
  4165 | D        | Killed a white draconian
  4166 | D        | Noticed a white draconian monk
  4166 | D        | Noticed a yellow draconian
  4166 | D        | Killed a red draconian caller
  4167 | D        | Noticed a green draconian scorcher
  4167 | D        | Noticed a black draconian
  4167 | D        | Noticed a red draconian
  4167 | D        | Noticed a black draconian
  4167 | D        | Killed a mottled draconian
  4167 | D        | Killed a mottled draconian
  4167 | D        | Reached skill level 5 in Spellcasting
  4167 | D        | Killed a green draconian
  4167 | D        | Killed a yellow draconian
  4167 | D        | Killed a red draconian
  4167 | D        | Killed a yellow draconian
  4167 | D        | Killed a green draconian
  4167 | D        | Killed a red draconian
  4167 | D        | Killed a green draconian knight
  4167 | D        | Killed a black draconian
  4167 | D        | Killed a mottled draconian scorcher
  4167 | D        | Reached skill level 10 in Conjurations
  4167 | D        | Killed a red draconian annihilator
  4167 | D        | Killed a purple draconian monk
  4167 | D        | Killed a purple draconian
  4167 | D        | Killed a red draconian
  4167 | D        | Reached skill level 10 in Earth Magic
  4167 | D        | Killed a mottled draconian
  4167 | D        | Killed a green draconian
  4167 | D        | Killed a yellow draconian
  4168 | D        | Killed a green draconian scorcher
  4169 | D        | Noticed a green draconian
  4169 | D        | Noticed a black draconian caller
  4169 | D        | Noticed a mottled draconian
  4169 | D        | Noticed a white draconian
  4169 | D        | Noticed a yellow draconian
  4169 | D        | Killed a white draconian monk
  4170 | D        | Noticed a mottled draconian caller
  4170 | D        | Noticed a black draconian
  4170 | D        | Noticed a purple draconian
  4170 | D        | Noticed a red draconian
  4170 | D        | Noticed a purple draconian
  4171 | D        | Noticed a yellow draconian zealot
  4171 | D        | Noticed a yellow draconian
  4172 | D        | Killed a white draconian
  4174 | D        | Killed a black draconian
  4176 | D        | Killed a black draconian
  4178 | D        | Killed a purple draconian
  4179 | D        | Killed a green draconian
  4179 | D        | Reached XP level 20. HP: 150/188 MP: 3/37
  4179 | D        | Killed a yellow draconian annihilator
  4180 | D        | Killed a yellow draconian
  4183 | D        | Killed a red draconian
  4186 | D        | Killed a black draconian caller
  4186 | D        | Reached skill level 10 in Spellcasting
  4193 | D        | Killed a mottled draconian caller
  4194 | D        | Killed a yellow draconian
  4195 | D        | Killed a purple draconian
  4196 | D        | Killed a mottled draconian
  4201 | D        | Killed a yellow draconian
  4203 | D        | Killed a yellow draconian zealot
  4234 | D        | Got the amulet of Cionn {rElec rN+ Regen+ Dex+2}
  4383 | D        | Entered arena 25.
  4392 | D        | Noticed a flying skull
  4392 | D        | Noticed an anubis guard
  4392 | D        | Noticed a mummy priest
  4393 | D        | Noticed a flying skull
  4393 | D        | Noticed a flying skull
  4393 | D        | Noticed a mummy priest
  4393 | D        | Noticed a guardian mummy
  4393 | D        | Noticed a guardian mummy
  4393 | D        | Noticed an ushabti
  4393 | D        | Noticed a guardian mummy
  4393 | D        | Noticed a flying skull
  4393 | D        | Noticed an ushabti
  4394 | D        | Noticed a mummy priest
  4394 | D        | Noticed an anubis guard
  4394 | D        | Noticed a guardian mummy
  4394 | D        | Noticed a guardian mummy
  4394 | D        | Noticed a mummy priest
  4394 | D        | Noticed a guardian mummy
  4394 | D        | Noticed a guardian mummy
  4394 | D        | Noticed a guardian mummy
  4394 | D        | Noticed a guardian mummy
  4394 | D        | Noticed a greater mummy
  4394 | D        | Noticed a flying skull
  4394 | D        | Noticed a guardian mummy
  4395 | D        | Killed a flying skull
  4395 | D        | Killed a flying skull
  4395 | D        | Killed a flying skull
  4395 | D        | Killed a flying skull
  4395 | D        | Killed a guardian mummy
  4395 | D        | Killed a flying skull
  4395 | D        | Killed a guardian mummy
  4396 | D        | Noticed a mummy priest
  4396 | D        | Noticed a mummy priest
  4396 | D        | Noticed an anubis guard
  4396 | D        | Killed a mummy priest
  4396 | D        | Killed a mummy priest
  4396 | D        | Killed a mummy priest
  4396 | D        | Killed a guardian mummy
  4396 | D        | Killed a guardian mummy
  4396 | D        | Killed a guardian mummy
  4396 | D        | Killed a guardian mummy
  4396 | D        | Killed a guardian mummy
  4396 | D        | Killed a guardian mummy
  4396 | D        | Killed a mummy priest
  4396 | D        | Killed an ushabti
  4396 | D        | Killed a guardian mummy
  4396 | D        | Killed a greater mummy
  4396 | D        | Reached skill level 27 in Fighting
  4396 | D        | Reached skill level 27 in Armour
  4396 | D        | Killed an anubis guard
  4396 | D        | Reached skill level 15 in Evocations
  4396 | D        | Killed an ushabti
  4405 | D        | Killed a guardian mummy
  4405 | D        | Killed an anubis guard
  4408 | D        | Killed a mummy priest
  4408 | D        | Reached skill level 10 in Stealth
  4409 | D        | Killed an anubis guard
  4413 | D        | Killed a mummy priest
  4756 | D        | Got the ring of Faomebba {Fire rElec}
  4773 | D        | Got the ring "Lono" {+Inv rElec Dex+4}
  4781 | D        | Got the ring "Igubb" {rElec rPois SInv}
  4833 | D        | Got the amulet of Ifiyps {Ward rC+ rN+ MR- Int+4}
  4844 | D        | Entered arena 26.
  4851 | D        | Noticed a yaktaur
  4851 | D        | Noticed a vault guard
  4852 | D        | Noticed a vault guard
  4852 | D        | Noticed a vault guard
  4852 | D        | Noticed a vault guard
  4852 | D        | Noticed a yaktaur
  4852 | D        | Noticed a lich
  4852 | D        | Noticed a stone giant
  4852 | D        | Noticed a vault guard
  4852 | D        | Noticed a vault guard
  4852 | D        | Noticed a yaktaur
  4852 | D        | Noticed a vault guard
  4852 | D        | Noticed a vault guard
  4852 | D        | Noticed a lich
  4852 | D        | Noticed a yaktaur
  4852 | D        | Noticed a yaktaur
  4853 | D        | Noticed a vault guard
  4853 | D        | Noticed a stone giant
  4853 | D        | Noticed a vault guard
  4854 | D        | Noticed a vault guard
  4854 | D        | Noticed a stone giant
  4854 | D        | Noticed a lich
  4854 | D        | Noticed a stone giant
  4854 | D        | Noticed a vault guard
  4854 | D        | Noticed an ancient lich
  4855 | D        | Noticed a vault guard
  4855 | D        | Noticed a vault guard
  4855 | D        | Noticed a vault guard
  4855 | D        | Noticed a vault guard
  4855 | D        | Noticed a vault guard
  4855 | D        | Noticed a yaktaur captain
  4856 | D        | Noticed a vault guard
  4856 | D        | Noticed a yaktaur captain
  4856 | D        | Noticed a vault guard
  4856 | D        | Noticed a vault guard
  4856 | D        | Noticed a vault guard
  4857 | D        | Noticed a yaktaur
  4858 | D        | Noticed a vault guard
  4858 | D        | Noticed a stone giant
  4858 | D        | Noticed a vault guard
  4858 | D        | Noticed a stone giant
  4858 | D        | Noticed a stone giant
  4858 | D        | Noticed a vault guard
  4858 | D        | Killed a vault guard
  4859 | D        | Noticed a yaktaur
  4859 | D        | Noticed a vault guard
  4859 | D        | Killed a yaktaur
  4859 | D        | Killed a vault guard
  4859 | D        | Killed a vault guard
  4860 | D        | Noticed a vault guard
  4860 | D        | Killed a vault guard
  4860 | D        | Killed a vault guard
  4860 | D        | Killed a vault guard
  4860 | D        | Killed a yaktaur
  4860 | D        | Killed a vault guard
  4860 | D        | Killed a yaktaur
  4860 | D        | Killed an ancient lich
  4861 | D        | Noticed a vault guard
  4861 | D        | Noticed a vault guard
  4861 | D        | Noticed a vault guard
  4861 | D        | Noticed a yaktaur
  4861 | D        | Killed a vault guard
  4861 | D        | Reached skill level 1 in Dodging
  4861 | D        | Killed a vault guard
  4861 | D        | Killed a yaktaur
  4861 | D        | Killed a yaktaur
  4861 | D        | Killed a vault guard
  4861 | D        | Killed a yaktaur
  4863 | D        | Killed a stone giant
  4864 | D        | Noticed a vault guard
  4864 | D        | Noticed a yaktaur
  4864 | D        | Noticed a stone giant
  4864 | D        | Noticed a yaktaur
  4864 | D        | Killed a lich
  4865 | D        | Noticed a yaktaur
  4865 | D        | Noticed a vault guard
  4865 | D        | Killed a yaktaur
  4865 | D        | Killed a vault guard
  4865 | D        | Killed a vault guard
  4865 | D        | Reached skill level 5 in Dodging
  4865 | D        | Killed a yaktaur captain
  4865 | D        | Killed a yaktaur
  4867 | D        | Killed a vault guard
  4867 | D        | Killed a lich
  4867 | D        | Killed a vault guard
  4868 | D        | Killed a vault guard
  4869 | D        | Killed a vault guard
  4869 | D        | Killed a vault guard
  4871 | D        | Killed a yaktaur
  4873 | D        | Killed a lich
  4874 | D        | Killed a stone giant
  4874 | D        | Killed a vault guard
  4874 | D        | Reached XP level 21. HP: 204/204 MP: 23/38
  4874 | D        | Killed a vault guard
  4874 | D        | Killed a yaktaur captain
  4874 | D        | Killed a stone giant
  4874 | D        | Killed a stone giant
  4874 | D        | Killed a vault guard
  4874 | D        | Killed a stone giant
  4874 | D        | Killed a vault guard
  4874 | D        | Killed a vault guard
  4874 | D        | Killed a stone giant
  4874 | D        | Killed a vault guard
  4874 | D        | Killed a vault guard
  4874 | D        | Killed a vault guard
  4874 | D        | Killed a stone giant
  4874 | D        | Reached skill level 10 in Dodging
  4874 | D        | Killed a vault guard
  4874 | D        | Killed a yaktaur
  4874 | D        | Killed a vault guard
  4874 | D        | Killed a vault guard
  4874 | D        | Killed a yaktaur
  4874 | D        | Killed a vault guard
  4874 | D        | Killed a vault guard
  4876 | D        | Killed a stone giant
  4888 | D        | Killed a vault guard
  4981 | D        | Entered arena 27.
  4989 | D        | Noticed a mottled draconian
  4990 | D        | Noticed a yellow draconian
  4990 | D        | Noticed a red draconian knight
  4990 | D        | Noticed a yellow draconian
  4990 | D        | Noticed a red draconian shifter
  4991 | D        | Noticed a green draconian
  4991 | D        | Noticed a mottled draconian
  4991 | D        | Noticed a yellow draconian
  4991 | D        | Noticed a red draconian
  4991 | D        | Noticed a red draconian
  4992 | D        | Noticed a black draconian
  4992 | D        | Noticed a yellow draconian
  4992 | D        | Noticed a mottled draconian
  4992 | D        | Noticed a green draconian
  4992 | D        | Noticed a mottled draconian
  4992 | D        | Noticed a purple draconian scorcher
  4992 | D        | Noticed a green draconian
  4993 | D        | Noticed a green draconian annihilator
  4993 | D        | Noticed a purple draconian
  4993 | D        | Noticed a green draconian
  4993 | D        | Noticed a black draconian caller
  4993 | D        | Noticed a purple draconian
  4993 | D        | Noticed a black draconian
  4993 | D        | Noticed a yellow draconian
  4994 | D        | Noticed a white draconian
  4994 | D        | Noticed a mottled draconian
  4994 | D        | Noticed a purple draconian
  4994 | D        | Noticed a green draconian
  4994 | D        | Noticed a red draconian
  4994 | D        | Noticed a mottled draconian
  4994 | D        | Noticed a red draconian
  4994 | D        | Noticed a white draconian monk
  4994 | D        | Noticed a white draconian
  4994 | D        | Noticed a red draconian
  4994 | D        | Noticed a green draconian annihilator
  4994 | D        | Noticed a purple draconian zealot
  4994 | D        | Noticed a purple draconian
  4995 | D        | Noticed a yellow draconian
  4995 | D        | Noticed a black draconian
  4995 | D        | Noticed a green draconian
  4995 | D        | Noticed a red draconian knight
  4995 | D        | Noticed a yellow draconian
  4995 | D        | Noticed a mottled draconian
  4995 | D        | Killed a black draconian
  4995 | D        | Killed a mottled draconian
  4995 | D        | Killed a green draconian
  4995 | D        | Killed a red draconian
  4996 | D        | Noticed a mottled draconian
  4996 | D        | Noticed a black draconian
  4996 | D        | Noticed a green draconian
  4996 | D        | Killed a purple draconian
  4996 | D        | Killed a mottled draconian
  4996 | D        | Reached skill level 27 in Evocations
  4996 | D        | Killed a yellow draconian
  4996 | D        | Killed a red draconian
  4997 | D        | Noticed a purple draconian caller
  4997 | D        | Noticed a red draconian
  4997 | D        | Noticed a white draconian
  4997 | D        | Killed a mottled draconian
  4998 | D        | Noticed a red draconian
  4998 | D        | Noticed a white draconian shifter
  4998 | D        | Noticed a white draconian shifter
  4998 | D        | Noticed a red draconian shifter
  4998 | D        | Noticed a mottled draconian
  4999 | D        | Noticed a yellow draconian
  4999 | D        | Killed a mottled draconian
  5000 | D        | Noticed a mottled draconian caller
  5000 | D        | Killed a purple draconian
  5000 | D        | Killed a black draconian caller
  5001 | D        | Noticed a white draconian
  5001 | D        | Noticed a red draconian
  5002 | D        | Noticed a white draconian
  5002 | D        | Killed a purple draconian
  5002 | D        | Killed a red draconian knight
  5002 | D        | Killed a yellow draconian
  5002 | D        | Reached skill level 15 in Dodging
  5002 | D        | Killed a mottled draconian
  5003 | D        | Killed a green draconian
  5003 | D        | Killed a white draconian
  5003 | D        | Killed a purple draconian
  5004 | D        | Killed a red draconian shifter
  5005 | D        | Noticed a red draconian
  5005 | D        | Noticed a white draconian shifter
  5006 | D        | Killed a red draconian
  5006 | D        | Killed a red draconian
  5006 | D        | Killed a yellow draconian
  5007 | D        | Killed a purple draconian scorcher
  5007 | D        | Killed a mottled draconian
  5007 | D        | Killed a white draconian shifter
  5007 | D        | a purple draconian caller (ally) was killed
  5009 | D        | Killed a purple draconian zealot
  5009 | D        | Killed a mottled draconian
  5009 | D        | Killed a white draconian
  5009 | D        | Killed a red draconian
  5010 | D        | Killed a black draconian
  5010 | D        | Killed a green draconian
  5010 | D        | Killed a red draconian shifter
  5011 | D        | Killed a green draconian annihilator
  5011 | D        | Killed a yellow draconian
  5013 | D        | Killed a black draconian
  5015 | D        | Killed a purple draconian caller
  5016 | D        | Killed a white draconian shifter
  5017 | D        | Killed a white draconian
  5017 | D        | Killed a white draconian
  5018 | D        | Killed a green draconian
  5019 | D        | Killed a red draconian
  5019 | D        | Killed a red draconian
  5021 | D        | Killed a yellow draconian
  5021 | D        | Killed a red draconian knight
  5023 | D        | Killed a white draconian
  5024 | D        | Killed a red draconian
  5025 | D        | Killed a white draconian shifter
  5028 | D        | Killed a yellow draconian
  5028 | D        | Killed a mottled draconian
  5032 | D        | Killed a yellow draconian
  5032 | D        | Reached XP level 22. HP: 204/212 MP: 17/39
  5034 | D        | Killed a red draconian
  5035 | D        | Killed a green draconian
  5037 | D        | Killed a green draconian
  5038 | D        | Killed a green draconian annihilator
  5042 | D        | Killed a green draconian
  5044 | D        | Killed a mottled draconian
  5047 | D        | Killed a white draconian monk
  5052 | D        | Killed a mottled draconian caller
  5052 | D        | Killed a black draconian
  5055 | D        | Killed a yellow draconian
  5116 | D        | Got the ring "Xeles" {rC+ SInv}
  5158 | D        | Got the Orb of Zot
  5217 | D        | Escaped with the Orb!

Vault maps used:
D:        sprint_v

Action                   |  1- 3 |  4- 6 |  7- 9 | 10-12 | 13-15 | 16-18 | 19-21 | 22-24 || total
-------------------------+-------+-------+-------+-------+-------+-------+-------+-------++-------
Melee: Broad axe         |     8 |       |    30 |    59 |    94 |   101 |   116 |    23 ||   431
Invok: Upheaval          |       |       |       |    10 |    25 |    15 |    24 |       ||    74
       Disaster Area     |       |       |       |     1 |     1 |     2 |     3 |       ||     7
 Abil: Evoke Flight      |       |       |       |       |     2 |     1 |     1 |       ||     4
Evoke: Deck              |       |       |     8 |       |       |       |       |       ||     8
       Wand              |       |       |     1 |       |       |     1 |     2 |       ||     4
       Stone of tremors  |       |       |       |     1 |       |       |     4 |       ||     5
       Sack of spiders   |       |       |       |       |       |     8 |       |       ||     8
       Phial of floods   |       |       |       |       |       |     2 |     4 |       ||     6
       Fan of gales      |       |       |       |       |       |     2 |     3 |       ||     5
       Phantom mirror    |       |       |       |       |       |       |     3 |       ||     3
       Lamp of fire      |       |       |       |       |       |       |     2 |       ||     2
  Use: Scroll            |       |       |       |     1 |       |     2 |     4 |       ||     7
       Potion            |       |       |       |     4 |     1 |     4 |     4 |       ||    13
 Stab: Distracted        |       |       |       |       |       |     2 |     3 |     2 ||     7
       Invisible         |       |       |       |       |       |       |    18 |       ||    18
  Eat: Bread ration      |       |       |       |       |     1 |     1 |       |     1 ||     3
       Meat ration       |       |       |       |       |     1 |       |       |     1 ||     2
